 Dungeon Crawl Stone Soup version 0.31-a0-844-gdc52ec4e09 (webtiles) character file.

Game seed: 17380588258222560280

9141 ipx the Cleaver (level 11, -2/55 HPs)
             Began as a Vine Stalker Fighter on Sept 28, 2023.
             Was a Priest of Makhleb.
             Drowned by a quicksilver ooze (5 damage)
             ... in an ice cave.
             The game lasted 00:39:38 (2801 turns).

ipx the Cleaver (Vine Stalker Fighter)              Turns: 2801, Time: 00:39:38

Health: -2/55      AC: 13    Str: 23    XL:     11   Next: 41%
Magic:  0/15       EV:  8    Int:  8    God:    Makhleb [***...]
Gold:   277        SH:  4    Dex: 14    Spells: 10/10 levels left

rFire   . . .        a - +0 war axe (elec)
rCold   + + +        r - +0 buckler
rNeg    + . .        g - +1 chain mail {rC+}
rPois   .            (no helmet)
rElec   .            d - +2 cloak
rCorr   .            (no gloves)
SInv    .            (no boots)
Will    +....        R - amulet of regeneration Stlth
                     c - ring of Tempters {rC+ rN+}
HPRegen 1.89/turn    C - ring of protection from cold
MPRegen 0.14/turn

%: guardian spirit
@: engulfed (cannot breathe)
A: fangs 3, regeneration 1, magic shield, antimagic bite, no potion heal 2
a: Renounce Religion, Minor Destruction, Lesser Servant of Makhleb


You were in an ice cave.
You worshipped Makhleb.
Makhleb was most pleased with you.
You visited 1 branch of the dungeon, and saw 12 of its levels.
You also visited: Ice Cave.

You collected 277 gold pieces.

Inventory:

Hand Weapons
 a - a +0 war axe of electrocution (weapon)
 e - a +3 heavy flail
Missiles
 p - 6 poisoned darts
 x - 2 javelins (quivered)
 z - a curare-tipped dart
 A - 5 boomerangs
Armour
 d - a +2 cloak (worn)
 g - a +1 chain mail of cold resistance (worn)
 r - a +0 buckler (worn)
 s - a +0 plate armour
Jewellery
 c - the ring of Tempters (left hand) {rC+ rN+}
   (You found it in an ice cave)

   [ring of protection from cold]

   rC+:       It protects you from cold.
   rN+:       It protects you from negative energy.
 l - a +6 ring of intelligence
 m - a ring of willpower
 C - a ring of protection from cold (right hand)
 F - a ring of fire
 R - an amulet of regeneration (around neck)
Wands
 w - a wand of flame (3)
Scrolls
 f - 7 scrolls of teleportation
 h - a scroll of immolation
 i - 2 scrolls of poison
 k - 5 scrolls of noise
 q - a scroll of enchant armour
Potions
 b - a potion of resistance {unknown}
 j - a potion of cancellation {unknown}
 n - a potion of degeneration {unknown}
 o - 2 potions of curing {unknown}
 t - a potion of might


   Skills:
 - Level 5.0 Fighting
 * Level 13.8 Axes
 + Level 3.5 Armour
 - Level 2.6 Shields
 + Level 5.2 Invocations
 - Level 4.0 Evocations


You had 10 spell levels left.
You didn't know any spells.
Your spell library contained the following spells:

 Spells                   Type           Power      Damage    Failure   Level
 Slow                     Hex            0%         N/A       97%         1
 Confusing Touch          Hex            0%         N/A       100%        3
 Sigil of Binding         Hex            0%         N/A       100%        3
 Vampiric Draining        Necr           0%         2d6       100%        3
 Olgreb's Toxic Radiance  Pois           0%         N/A       100%        4
 Vhi's Electric Charge    Tloc/Air       0%         N/A       100%        4
 Arcjolt                  Conj/Air       0%         1d10      100%        5
 Plasma Beam              Fire/Air       0%         2x1d10    100%        6
 Discord                  Hex            0%         N/A       100%        8
 Ignition                 Fire           0%         3d3       100%        8


Dungeon Overview and Level Annotations

Branches:
Dungeon (12/15)            Temple (0/1) D:6           IceCv (1/1)
   Lair: D:8-11         Orc: D:9-12

Altars:
Cheibriados
Dithmenos
Elyvilon
Fedhas
Gozag
Makhleb
Nemelex Xobeh
Vehumet
Yredelemnul
Zin

Annotations:
D:4 exclusion: downstairs
D:8 exclusion: downstairs
D:11 exclusion: downstairs


Innate Abilities, Weirdness & Mutations

You have razor-sharp teeth.
Your natural rate of healing is unusually fast.
When hurt, damage is shared between your health and your magic reserves.
Your bite disrupts and absorbs the magic of your enemies.
Potions cannot restore your health.


Message History

You slash the quicksilver ooze! Your bite misses the quicksilver ooze.
The quicksilver ooze is heavily wounded.
The quicksilver ooze hits you! The quicksilver ooze engulfs you!
The quicksilver ooze hits you but does no damage.
Your neqoxec completely misses the quicksilver ooze.
You slash the quicksilver ooze! Your bite misses the quicksilver ooze.
The quicksilver ooze is severely wounded.
Your lungs strain for air!
The quicksilver ooze hits you!
You block the quicksilver ooze's attack.
Your neqoxec hits the quicksilver ooze but does no damage.
The quicksilver ooze hits you!
* * * LOW HITPOINT WARNING * * *
The quicksilver ooze hits you.
* * * LOW HITPOINT WARNING * * *
You cannot read scrolls while unable to breathe!
Unknown command.
Okay, then.
Unknown command.
Press: ? - help, v - describe, . - travel
Here: a quicksilver ooze (severely wounded, ally target)
The floor.
You slash the quicksilver ooze! You bite the quicksilver ooze.
You drain its power.
You feel invigorated.
The quicksilver ooze is almost dead.
You slash the large slime creature!
* * * LOW HITPOINT WARNING * * *
Your lungs strain for air!
The quicksilver ooze hits you!
* * * LOW HITPOINT WARNING * * *
The quicksilver ooze barely misses you.
Your neqoxec completely misses the quicksilver ooze.
A large slime creature splits.
You barely miss the quicksilver ooze.
The quicksilver ooze is almost dead.
You slash the slime creature!
Lightning courses through the slime creature!!
You slash the slime creature!
Lightning courses through the slime creature!
You die...

##..#....##..#
##..##.......##... .#
.#.).#...##...#... .#
.##..##..##...##.# ..#
..##.##..##....#.# ..#
...#.##..##....#.#...#
#....#...###...#.#...#
##.......# ##...JJ3.#
#.......# #...@J..#
#......## #......##
##.....# ##.....#
##...## ##...## #####
#####


You could see 2 slime creatures, a quicksilver ooze (ally target) and a friendly
neqoxec (summoned).

Vanquished Creatures
  A two-headed ogre (D:11)
  2 ice statues (IceCv)
  A komodo dragon (D:10)
  A troll (D:9)
  12 slime creatures (IceCv)
  12 yaks
  A wyvern (D:5)
  A steam dragon (D:8)
  Edmund (D:5)
  3 water moccasins
  A sky beast (D:7)
  An orc warrior (D:7)
  A black bear (D:6)
  An ice beast (D:4)
  2 great orb of eyes simulacra (IceCv)
  2 centaurs
  2 kobold brigands
  5 scorpions
  3 bullfrogs
  4 glowing shapeshifter simulacra (IceCv)
  6 wights (D:9)
  8 killer bees
  An electric eel (D:9)
  A howler monkey (D:7)
  5 hounds (D:6)
  A jelly (D:6)
  3 orc priests
  A sleepcap (D:6)
  Ijyb (D:5)
  4 iguanas
  3 orc wizards (D:6)
  3 shapeshifter simulacra (IceCv)
  5 adders
  A shadow imp (D:7)
  12 white imps (D:11)
  A dart slug (D:3)
  13 orcs
  An endoplasm (D:1)
  A giant cockroach (D:3)
  5 goblins
  A hobgoblin (D:1)
  3 quokkas (D:1)
  6 ball pythons
  2 bats
  2 frilled lizards (D:1)
  10 kobolds
  4 rats (D:1)
161 creatures vanquished.

Notes
Turn   | Place    | Note
-------+----------+-------------------------------------------
     0 | D:1      | ipx the Vine Stalker Fighter began the quest for the Orb.
     0 | D:1      | Reached XP level 1. HP: 11/11 MP: 2/2
    26 | D:1      | Reached skill level 2 in Axes
    44 | D:1      | Found a faded altar of an unknown god.
    63 | D:1      | Reached XP level 2. HP: 16/16 MP: 3/3
   176 | D:3      | Reached skill level 3 in Axes
   208 | D:4      | Noticed an ice beast
   218 | D:4      | Killed an ice beast
   219 | D:4      | Reached skill level 4 in Axes
   219 | D:4      | Reached XP level 3. HP: 10/19 MP: 2/4
   219 | D:4      | Reached XP level 4. HP: 12/23 MP: 2/5
   275 | D:5      | Entered Level 5 of the Dungeon
   275 | D:5      | Noticed Edmund
   288 | D:4      | Reached XP level 5. HP: 27/27 MP: 6/6
   327 | D:4      | Noticed a black bear
   381 | D:3      | Found a sparkling altar of Nemelex Xobeh.
   381 | D:3      | Found a burning altar of Makhleb.
   394 | D:3      | Became a worshipper of Makhleb the Destroyer
   466 | D:4      | Reached skill level 5 in Axes
   470 | D:4      | Noticed an ogre
   550 | D:5      | Noticed Ijyb
   570 | D:5      | Killed Ijyb
   573 | D:5      | Reached XP level 6. HP: 27/32 MP: 3/7
   609 | D:5      | Killed Edmund
   610 | D:5      | Reached skill level 6 in Axes
   639 | D:5      | Noticed a wyvern
   644 | D:5      | Killed a wyvern
   645 | D:5      | Reached skill level 7 in Axes
   645 | D:5      | Reached XP level 7. HP: 18/35 MP: 2/8
   862 | D:6      | Reached skill level 8 in Axes
   873 | D:6      | Gained mutation: You have razor-sharp teeth. [Vine Stalker
                  | growth]
   873 | D:6      | Reached XP level 8. HP: 36/39 MP: 7/9
   927 | D:7      | Reached * piety under Makhleb
   996 | D:6      | Reached skill level 9 in Axes
  1201 | D:7      | Reached skill level 10 in Axes
  1258 | D:7      | Reached XP level 9. HP: 37/43 MP: 4/10
  1412 | D:6      | Found a staircase to the Ecumenical Temple.
  1444 | D:8      | Reached skill level 11 in Axes
  1492 | D:8      | Found a snail-covered altar of Cheibriados.
  1631 | D:7      | Found a blossoming altar of Fedhas.
  1663 | D:9      | Found a shadowy altar of Dithmenos.
  1697 | D:8      | Found a white marble altar of Elyvilon.
  1750 | D:9      | Noticed a troll
  1773 | D:9      | Reached ** piety under Makhleb
  1774 | D:9      | Reached skill level 1 in Evocations
  1776 | D:9      | Killed a troll
  1838 | D:9      | Reached XP level 10. HP: 42/50 MP: 11/11
  1840 | D:10     | Entered Level 10 of the Dungeon
  1857 | D:9      | Found an opulent altar of Gozag.
  1858 | D:9      | Found a glowing silver altar of Zin.
  1915 | D:9      | Noticed a +0 short sword
  1915 | D:9      | Noticed a +0 falchion
  1915 | D:9      | Noticed a +0 falchion
  1925 | D:9      | Noticed a +0 dagger
  1926 | D:9      | Noticed a +0 short sword
  1926 | D:9      | Noticed a +0 spear
  1927 | D:9      | Noticed a +0 dagger
  1929 | D:9      | Noticed a +0 spear
  1969 | D:9      | Found a basalt altar of Yredelemnul.
  2043 | D:9      | Reached skill level 12 in Axes
  2074 | D:9      | Reached skill level 5 in Fighting
  2098 | D:9      | Reached skill level 1 in Invocations
  2264 | D:10     | Found a radiant altar of Vehumet.
  2395 | D:11     | Noticed a two-headed ogre
  2405 | D:11     | Killed a two-headed ogre
  2426 | D:12     | Noticed a skeletal warrior
  2426 | D:12     | Noticed a skeletal warrior
  2426 | D:12     | Noticed a skeletal warrior
  2463 | D:11     | Found a frozen archway.
  2467 | D:11     | Reached skill level 13 in Axes
  2473 | D:11     | Reached *** piety under Makhleb
  2527 | IceCv    | Entered an ice cave
  2566 | IceCv    | Reached XP level 11. HP: 47/55 MP: 6/15
  2681 | IceCv    | Got the ring of Tempters {rC+ rN+}
  2787 | IceCv    | Reached skill level 5 in Invocations
  2794 | IceCv    | Noticed a quicksilver ooze
  2801 | IceCv    | Drowned by a quicksilver ooze

Illustrated notes

Levels and vault maps discovered:
D:1:      minmay_arrival_four_loops, layout_basic,
          shapermc_ecumenical_altar_flowoftime, minmay_misc_feat_x,
          hangedman_decor_slide_cut
D:2:      layout_loops_ring, uniq_jessica
D:3:      minmay_door_path, layout_basic, mainiacjoe_overflow_large_starburst,
          minmay_misc_feat_five
D:4:      layout_cave_pools, grunt_ministairs_7
D:5:      layout_cave_pools, nicolae_ru_great_annihilating_truth, st_stairs_14,
          uniq_ijyb, uniq_edmund
D:6:      minmay_razor_zed, layout_layer_cave, nicolae_sif_muna_little_library,
          minmay_temple_entry_statues_fountains
D:7:      layout_basic, tso_altar, fedhas_altar_3, serial_corexii_hall,
          corexii_hall_statues_i, corexii_hall_statues_x,
          chequers_hall_statues_y, corexii_hall_statues_x,
          gammafunk_ghost_cemetery
D:8:      layout_cave_pools, elyvilon_altar_5, amcnicky_altar_gilded
D:9:      layout_gridville, grunt_temple_overflow_gold_and_silver,
          nicolae_dithmenos_through_a_glass_darkly, nicolae_uskayaw_en_pointe,
          mainiacjoe_overflow_chevrons, minmay_misc_feat_hallway,
          chequers_serial_rivers_micro_e, fungi_pond_lemuel
D:10:     layout_long_grid, nicolae_wu_jian_immortal_techniques,
          nicolae_vehumet_radiance, hiddenorc1_lemuel
D:11:     layout_basic, lair_entry_dummy, portal_ice_cave_entry_imps
D:12:     layout_layer_cave, serial_ice, serial_ice_i, serial_ice_n,
          serial_ice_g, serial_ice_h
IceCv:    ice_cave_hellmonk_azure_passage

Skill      XL: |  1  2  3  4  5  6  7  8  9 10 11 |
---------------+----------------------------------+-----
Axes           | 2 4 5 7 8 10 11 13 | 13.8
Fighting       | 4 5 |  5.0
Evocations     | 3 4 |  4.0
Invocations    | 4 5 |  5.2
Armour         | 3 |  3.5
Shields        | |  2.6

Action                     |  1- 3 |  4- 6 |  7- 9 | 10-12 || total
---------------------------+-------+-------+-------+-------++-------
  Melee: War axe           |    24 |    60 |   218 |   230 ||   532
         Bite              |     7 |    11 |    64 |    72 ||   154
         Mace              |    27 |       |       |       ||    27
  Throw: Dart              |       |       |       |     3 ||     3
         Javelin           |       |       |       |     3 ||     3
 Invoke: Lesser Servant of |       |       |       |     1 ||     1
  Evoke: Wand              |       |     2 |    13 |    10 ||    25
    Use: Scroll            |     3 |     2 |     2 |     3 ||    10
         Potion            |     1 |     2 |       |       ||     3
 Armour: Scale mail        |    41 |    47 |    79 |       ||   167
         Skin              |       |    19 |       |       ||    19
         Chain mail        |       |       |    24 |    76 ||   100
         Plate armour      |       |       |    94 |   177 ||   271
  Dodge: Dodged            |    22 |    31 |    66 |    66 ||   185
  Block: Buckler           |     8 |    16 |    40 |    37 ||   101

Table legend: (Time is in decaauts)
 A = Elapsed time spent in this place.
 B = Non-inter-level travel time spent in this place.
 C = Inter-level travel time spent in this place.
 D = Time resting spent in this place.
 E = Time spent auto-exploring this place.
 F = Levels seen in this place.
 G = Mean time per level.
                   A        B        C        D        E       F      G
               +--------+--------+--------+--------+--------+-----+--------+
         Total |   2830 |   2714 |    116 |      0 |      0 |  13 |  217.7 |
       Dungeon |   2573 |   2457 |    116 |      0 |      0 |  12 |  214.4 |
      Ice Cave |    257 |    257 |      0 |      0 |      0 |   1 |  257.0 |
               +--------+--------+--------+--------+--------+-----+--------+

Top non-repeatable levels by time:
     D:9: 523 daAuts
     D:6: 511 daAuts
     D:7: 339 daAuts
     D:4: 261 daAuts
   IceCv: 257 daAuts
     D:1: 174 daAuts
     D:8: 160 daAuts
    D:10: 159 daAuts
     D:5: 153 daAuts
     D:3: 144 daAuts
    D:11: 124 daAuts
     D:2: 16 daAuts
    D:12: 2 daAuts
